MID
GREENSBORO GRASSHOPPERS @ KANE COUNTY COUGARS
06/20/2044
 
TOP OF THE 1ST
Greensboro Grasshoppers batting - Pitching for Kane County Cougars : RHP Chad Toms
Pitching: RHP Chad Toms
Batting: RHB Tom Thompson 0-0: Bunt missed!
0-1: Foul Ball, location: 2F
0-2: Ball
1-2: Foul Ball, location: 2F
1-2: Strikes out swinging
Batting: RHB Torquato Obawole 0-0: Ball
1-0: Ball
2-0: Foul Ball, location: 2F
2-1: SINGLE (Groundball, 56D, EV 99.4 MPH)
Batting: RHB Isaiah Brockman 0-0: Ball
1-0: Called Strike
Torquato Obawole steals 2nd base
1-1: Ground out U3 (Groundball, 34, EV 98.8 MPH)
Torquato Obawole to third
Batting: RHB Jake Shelton 0-0: Swinging Strike
0-1: Ball
1-1: Ball
2-1: Foul Ball, location: 2F
2-2: Strikes out swinging
Top of the 1st over - 0 runs, 1 hit, 0 errors, 1 left on base; Greensboro 0 - Kane County 0
BOTTOM OF THE 1ST
Kane County Cougars batting - Pitching for Greensboro Grasshoppers : RHP Zack Evans
Pitching: RHP Zack Evans
Batting: RHB Dave Vargas 0-0: Ground out 2-3 (Groundball, 15S, EV 63.8 MPH)
Batting: RHB Franklin Villanueva 0-0: Called Strike
0-1: Ball
1-1: Called Strike
1-2: Ball
2-2: Ball
3-2: Foul Ball, location: 2F
3-2: TRIPLE (Line Drive, 78XD, EV 108.8 MPH)
Batting: RHB Marlon Reda 0-0: Ball
1-0: Foul Ball, location: 2F
1-1: Ball
2-1: Ball
3-1: Base on Balls
Batting: RHB Matt Maxwell 0-0: Called Strike
0-1: Ball
1-1: SINGLE (Groundball, 34D, EV 100.6 MPH)
Franklin Villanueva scores
Marlon Reda to second
Batting: LHB T.J. Duvall 0-0: Ball
1-0: Called Strike
1-1: Swinging Strike
1-2: SINGLE (Groundball, 34D, EV 103.1 MPH)
Marlon Reda to third
Matt Maxwell to second
Runner from 3rd tries for Home, SAFE, throw by RF to home
Matt Maxwell to third
T.J. Duvall to second
Batting: RHB John Pena 0-0: Called Strike
0-1: SINGLE (Popup, 6D, EV 48.1 MPH)
Matt Maxwell scores
T.J. Duvall to third
Batting: RHB Jake Hodge 0-0: Grounds into double play, 5-4-3 (Groundball, 56, EV 80.6 MPH)
Bottom of the 1st over - 3 runs, 4 hits, 0 errors, 1 left on base; Greensboro 0 - Kane County 3
TOP OF THE 2ND
Greensboro Grasshoppers batting - Pitching for Kane County Cougars : RHP Chad Toms
Batting: RHB Jordan Arcidez 0-0: Swinging Strike
0-1: Foul Ball, location: 2F
0-2: Strikes out looking
Batting: RHB Masumitsu Sugiura 0-0: Ball
1-0: Fly out, F7 (Flyball, 78D, EV 101.9 MPH)
Batting: RHB Bob Raine 0-0: Called Strike
0-1: Swinging Strike
0-2: Ball
1-2: Ball
2-2: Strikes out swinging
Top of the 2nd over - 0 runs, 0 hits, 0 errors, 0 left on base; Greensboro 0 - Kane County 3
BOTTOM OF THE 2ND
Kane County Cougars batting - Pitching for Greensboro Grasshoppers : RHP Zack Evans
Batting: RHB Curt Barrett 0-0: Ball
1-0: Ball
2-0: Ball
3-0: Called Strike
3-1: Base on Balls
Batting: LHB Brian Nielsen 0-0: Fielders Choice at 2nd, 3-6 (Groundball, 34S, EV 87.5 MPH)
Batting: RHB Dave Vargas 0-0: Ball
1-0: Called Strike
1-1: Ball
2-1: Foul Ball, location: 2F
2-2: Ball
Wild Pitch!
Brian Nielsen to second
3-2: Base on Balls
Batting: RHB Franklin Villanueva 0-0: Foul Ball, location: 2F
0-1: Ball
1-1: Called Strike
1-2: Ball
2-2: Ball
3-2: Base on Balls
Brian Nielsen to third
Dave Vargas to second
Batting: RHB Marlon Reda 0-0: Ball
1-0: Called Strike
1-1: Ball
2-1: Swinging Strike
2-2: Foul Ball, location: 2F
2-2: Ball
3-2: Fielders Choice at 2nd, 4-6 (Groundball, 4M, EV 107.5 MPH)
Brian Nielsen scores
Dave Vargas to third
Batting: RHB Matt Maxwell 0-0: Fielders Choice at 2nd, 6-4 (Groundball, 6, EV 107.5 MPH)
Bottom of the 2nd over - 1 run, 0 hits, 0 errors, 2 left on base; Greensboro 0 - Kane County 4
TOP OF THE 3RD
Greensboro Grasshoppers batting - Pitching for Kane County Cougars : RHP Chad Toms
Batting: RHB Wei-guo Tsu 0-0: Ball
1-0: Foul Ball, location: 2F
1-1: Ball
2-1: Called Strike
2-2: Strikes out swinging
Batting: LHB Juan Zuniga 0-0: SINGLE (Line Drive, 78M, EV 103.1 MPH)
Batting: RHB Tom Thompson 0-0: Swinging Strike
0-1: DOUBLE (Groundball, 5L, EV 105.0 MPH)
Juan Zuniga to third
Runner from 3rd tries for Home, SAFE, throw by LF to home
Batting: RHB Torquato Obawole 0-0: Swinging Strike
0-1: Ball
1-1: Ball
2-1: Foul Ball, location: 2F
2-2: Ball
3-2: Base on Balls
Batting: RHB Isaiah Brockman 0-0: Ball
1-0: Ball
2-0: Foul Ball, location: 2F
2-1: Swinging Strike
2-2: Ball
3-2: Base on Balls
Tom Thompson to third
Torquato Obawole to second
Batting: RHB Jake Shelton 0-0: Ball
1-0: Swinging Strike
1-1: Foul Ball, location: 2F
1-2: Strikes out swinging
Batting: RHB Jordan Arcidez 0-0: Ball
1-0: Ball
2-0: Ball
3-0: Base on Balls
Tom Thompson scores
Torquato Obawole to third
Isaiah Brockman to second
Batting: RHB Masumitsu Sugiura 0-0: Called Strike
0-1: Called Strike
0-2: Foul Ball, location: 2F
0-2: Ball
1-2: Strikes out swinging
Top of the 3rd over - 2 runs, 2 hits, 0 errors, 3 left on base; Greensboro 2 - Kane County 4
BOTTOM OF THE 3RD
Kane County Cougars batting - Pitching for Greensboro Grasshoppers : RHP Zack Evans
Batting: LHB T.J. Duvall 0-0: Ball
1-0: Ball
2-0: Ball
3-0: Base on Balls
Batting: RHB John Pena 0-0: Fly out, F9 (Flyball, 89M, EV 81.3 MPH)
Batting: RHB Jake Hodge 0-0: Called Strike
0-1: Ball
1-1: Foul Ball, location: 2F
1-2: Ball
2-2: SINGLE (Line Drive, 78S, EV 104.4 MPH)
T.J. Duvall to second
Batting: RHB Curt Barrett 0-0: Ball
1-0: Called Strike
1-1: Foul Ball, location: 2F
1-2: Ball
2-2: SINGLE (Line Drive, 89M, EV 97.5 MPH)
T.J. Duvall to third
Jake Hodge to second
Batting: LHB Brian Nielsen 0-0: SINGLE (Groundball, 3D, EV 95.0 MPH)
T.J. Duvall scores
Jake Hodge to third
Curt Barrett to second
Runner from 3rd tries for Home, throw by RF and OUT! 9-2
Batting: RHB Dave Vargas 0-0: Called Strike
0-1: Ball
1-1: Foul Ball, location: 2F
1-2: Strikes out looking
Bottom of the 3rd over - 1 run, 3 hits, 0 errors, 2 left on base; Greensboro 2 - Kane County 5
TOP OF THE 4TH
Greensboro Grasshoppers batting - Pitching for Kane County Cougars : RHP Chad Toms
Batting: RHB Bob Raine 0-0: Ball
1-0: Ball
2-0: Ball
3-0: Called Strike
3-1: Foul Ball, location: 2F
3-2: Strikes out swinging
Batting: RHB Wei-guo Tsu 0-0: Foul Ball, location: 2F
0-1: Called Strike
0-2: Ball
1-2: Strikes out swinging
Batting: LHB Juan Zuniga 0-0: Called Strike
0-1: Ball
1-1: Ground out 1-3 (Groundball, 15S, EV 65.0 MPH)
Top of the 4th over - 0 runs, 0 hits, 0 errors, 0 left on base; Greensboro 2 - Kane County 5
BOTTOM OF THE 4TH
Kane County Cougars batting - Pitching for Greensboro Grasshoppers : RHP Zack Evans
Batting: RHB Franklin Villanueva 0-0: Fly out, F7 (Flyball, 78M, EV 90.6 MPH)
Batting: RHB Marlon Reda 0-0: Called Strike
0-1: Ground out 5-3 (Groundball, 56, EV 101.3 MPH)
Batting: RHB Matt Maxwell 0-0: Called Strike
0-1: Ball
1-1: Ball
2-1: Ball
3-1: Base on Balls
Batting: LHB T.J. Duvall 0-0: Ball
1-0: Ball
2-0: Ball
3-0: Called Strike
3-1: SINGLE (Groundball, 4MS, EV 76.9 MPH) (infield hit)
Matt Maxwell to second
Pitching: RHP Marco Quezada
Batting: RHB John Pena 0-0: Called Strike
0-1: Ball
1-1: DOUBLE (Groundball, 5L, EV 106.9 MPH)
Matt Maxwell scores
T.J. Duvall to third
Runner from 3rd tries for Home, SAFE, throw by LF to trailing runner, OUT at third! 7-3-5
Bottom of the 4th over - 2 runs, 2 hits, 0 errors, 0 left on base; Greensboro 2 - Kane County 7
TOP OF THE 5TH
Greensboro Grasshoppers batting - Pitching for Kane County Cougars : RHP Chad Toms
Batting: RHB Tom Thompson 0-0: Ball
1-0: SINGLE (Groundball, 56D, EV 107.5 MPH)
Batting: RHB Torquato Obawole 0-0: Foul Ball, location: 2F
0-1: Ball
1-1: Foul Ball, location: 2F
1-2: SINGLE (Groundball, 34D, EV 97.5 MPH)
Tom Thompson to second
Tom Thompson to third
Batting: RHB Isaiah Brockman 0-0: Called Strike
0-1: Foul Ball, location: 2F
0-2: Foul Ball, location: 2F
0-2: Ball
1-2: Foul Ball, location: 2F
1-2: Ball
2-2: Strikes out swinging
Batting: RHB Jake Shelton 0-0: Foul Ball, location: 2F
0-1: Called Strike
0-2: Ball
1-2: Ball
2-2: Foul Ball, location: 2F
2-2: Foul Ball, location: 2F
2-2: Fly out, F3 (Popup, 34, EV 78.8 MPH)
Pitching: RHP Andy Jensen
Batting: RHB Jordan Arcidez 0-0: Called Strike
0-1: Foul Ball, location: 2F
0-2: Foul Ball, location: 2F
0-2: Ball
1-2: Ball
2-2: Strikes out swinging
Top of the 5th over - 0 runs, 2 hits, 0 errors, 2 left on base; Greensboro 2 - Kane County 7
BOTTOM OF THE 5TH
Kane County Cougars batting - Pitching for Greensboro Grasshoppers : RHP Marco Quezada
Batting: RHB Jake Hodge 0-0: Foul Ball, location: 2F
0-1: Ground out 6-3 (Groundball, 6, EV 86.3 MPH)
Batting: RHB Curt Barrett 0-0: Swinging Strike
0-1: Fly out, F6 (Popup, 6MS, EV 81.9 MPH)
Batting: LHB Brian Nielsen 0-0: Ball
1-0: Ball
2-0: Ball
3-0: Called Strike
3-1: Base on Balls
Batting: RHB Dave Vargas 0-0: Called Strike
0-1: Foul Ball, location: 2F
0-2: Foul Ball, location: 2F
0-2: Fly out, F9 (Flyball, 9S, EV 76.9 MPH)
Bottom of the 5th over - 0 runs, 0 hits, 0 errors, 1 left on base; Greensboro 2 - Kane County 7
TOP OF THE 6TH
Greensboro Grasshoppers batting - Pitching for Kane County Cougars : RHP Andy Jensen
Batting: RHB Masumitsu Sugiura 0-0: Ball
1-0: SINGLE (Groundball, 34, EV 101.9 MPH)
Batting: RHB Bob Raine 0-0: Ball
Masumitsu Sugiura is caught stealing 2nd base 2-4
1-0: Ground out 6-3 (Groundball, 6S, EV 64.4 MPH)
Batting: RHB Wei-guo Tsu 0-0: Ball
1-0: Called Strike
1-1: Called Strike
1-2: Ball
2-2: Fly out, F8 (Flyball, 8RS, EV 93.8 MPH)
Top of the 6th over - 0 runs, 1 hit, 0 errors, 0 left on base; Greensboro 2 - Kane County 7
BOTTOM OF THE 6TH
Kane County Cougars batting - Pitching for Greensboro Grasshoppers : RHP Marco Quezada
Batting: RHB Franklin Villanueva 0-0: Called Strike
0-1: Ball
1-1: Ball
2-1: Ground out 6-3 (Groundball, 6, EV 88.1 MPH)
Batting: RHB Marlon Reda 0-0: SINGLE (Groundball, 34D, EV 96.3 MPH)
Batting: RHB Matt Maxwell 0-0: Foul Ball, location: 2F
0-1: Swinging Strike
0-2: Ball
1-2: 2-RUN HOME RUN (Flyball, 9LD, EV 90.0 MPH), Distance : 339 ft
Batting: LHB T.J. Duvall 0-0: Swinging Strike
0-1: Ball
1-1: Ball
2-1: Ball
3-1: Base on Balls
Batting: RHB John Pena 0-0: Ball
1-0: Called Strike
1-1: Fielders Choice at 2nd, 6-4 (Groundball, 6, EV 88.8 MPH)
Batting: RHB Jake Hodge 0-0: Ball
1-0: Called Strike
1-1: Ball
2-1: Ball
3-1: Swinging Strike
3-2: Ground out 6-3 (Groundball, 6, EV 106.3 MPH)
Bottom of the 6th over - 2 runs, 2 hits, 0 errors, 1 left on base; Greensboro 2 - Kane County 9
TOP OF THE 7TH
Greensboro Grasshoppers batting - Pitching for Kane County Cougars : RHP Andy Jensen
Batting: LHB Juan Zuniga 0-0: Ball
1-0: Called Strike
1-1: Ball
2-1: Ball
3-1: Called Strike
3-2: Foul Ball, location: 2F
3-2: Ground out 6-3 (Groundball, 56, EV 96.9 MPH)
Batting: RHB Tom Thompson 0-0: Ball
1-0: Ball
2-0: Ground out 4-3 (Groundball, 34, EV 86.9 MPH)
Batting: RHB Torquato Obawole 0-0: Swinging Strike
0-1: Foul Ball, location: 2F
0-2: Foul Ball, location: 2F
0-2: Ball
1-2: Ball
2-2: Foul Ball, location: 2F
2-2: Foul Ball, location: 2F
2-2: Ball
3-2: Fly out, F8 (Flyball, 8RD, EV 100.6 MPH)
Top of the 7th over - 0 runs, 0 hits, 0 errors, 0 left on base; Greensboro 2 - Kane County 9
BOTTOM OF THE 7TH
Kane County Cougars batting - Pitching for Greensboro Grasshoppers : RHP Marco Quezada
Batting: RHB Curt Barrett 0-0: Ball
1-0: Ball
2-0: Swinging Strike
2-1: Ball
3-1: Base on Balls
Pitching: LHP Nick Gore
Pinch Hitting: RHB Mike Persinger 0-0: Called Strike
0-1: Ball
1-1: DOUBLE (Groundball, 5L, EV 103.1 MPH)
Curt Barrett to third
Batting: RHB Dave Vargas 0-0: Ball
1-0: Called Strike
1-1: Swinging Strike
1-2: Ball
2-2: Ball
3-2: Fly out, F8 (Flyball, 8RXD, EV 87.5 MPH)
Runner from 3rd tags up, SCORES, no throw by CF
Batting: RHB Franklin Villanueva 0-0: Ball
1-0: Ball
2-0: Ball
3-0: Called Strike
3-1: Base on Balls
Batting: RHB Marlon Reda 0-0: Ball
1-0: Foul Ball, location: 2F
1-1: Grounds into double play, 6-4-3 (Groundball, 6, EV 105.0 MPH)
Bottom of the 7th over - 1 run, 1 hit, 0 errors, 1 left on base; Greensboro 2 - Kane County 10
TOP OF THE 8TH
Greensboro Grasshoppers batting - Pitching for Kane County Cougars : RHP Andy Jensen
Now at 2B: Mike Persinger
Batting: RHB Isaiah Brockman 0-0: Called Strike
0-1: Ball
1-1: Called Strike
1-2: SINGLE (Groundball, 56D, EV 104.4 MPH)
Batting: RHB Jake Shelton 0-0: Called Strike
0-1: Called Strike
0-2: Ball
1-2: Foul Ball, location: 2F
1-2: Foul Ball, location: 2F
1-2: Foul Ball, location: 2F
1-2: Fielders Choice at 2nd, 6-4 (Groundball, 6, EV 78.8 MPH)
Pinch Hitting: RHB Natanael Fusquita 0-0: Ball
1-0: Foul Ball, location: 2F
1-1: Foul Ball, location: 2F
1-2: Strikes out swinging
Batting: RHB Masumitsu Sugiura 0-0: Foul Ball, location: 2F
0-1: Ball
Wild Pitch!
Jake Shelton to second
1-1: Ground out U3 (Groundball, 3, EV 91.3 MPH)
Top of the 8th over - 0 runs, 1 hit, 0 errors, 1 left on base; Greensboro 2 - Kane County 10
BOTTOM OF THE 8TH
Kane County Cougars batting - Pitching for Greensboro Grasshoppers : LHP Nick Gore
Now at 1B: Natanael Fusquita
Batting: RHB Matt Maxwell 0-0: Ball
1-0: Called Strike
1-1: Swinging Strike
1-2: Ball
2-2: Strikes out swinging
Pinch Hitting: LHB Ron Tipton 0-0: Called Strike
0-1: Ground out 5-3 (Groundball, 5, EV 105.6 MPH)
Batting: RHB John Pena 0-0: Fly out, F9 (Flyball, 89S, EV 95.6 MPH)
Bottom of the 8th over - 0 runs, 0 hits, 0 errors, 0 left on base; Greensboro 2 - Kane County 10
TOP OF THE 9TH
Greensboro Grasshoppers batting - Pitching for Kane County Cougars : RHP Andy Jensen
Now at 1B: Ron Tipton
Pinch Hitting: RHB Chris Riddick 0-0: Called Strike
0-1: Ball
1-1: Ground out 6-3 (Groundball, 6, EV 100.0 MPH)
Batting: RHB Wei-guo Tsu 0-0: Ball
1-0: Called Strike
1-1: Foul Ball, location: 2F
1-2: Ball
2-2: SINGLE (Groundball, 56D, EV 102.5 MPH)
Pitching: LHP Robert Fuentes
Batting: LHB Juan Zuniga 0-0: Ball
1-0: Called Strike
1-1: Ball
2-1: SINGLE (Groundball, 34D, EV 94.4 MPH)
Wei-guo Tsu to second
Batting: RHB Tom Thompson 0-0: Called Strike
0-1: Ball
1-1: Foul Ball, location: 2F
1-2: Ball
2-2: Strikes out swinging
Batting: RHB Torquato Obawole 0-0: Foul Ball, location: 2F
0-1: Swinging Strike
0-2: Ball
1-2: Ball
2-2: Strikes out looking
Top of the 9th over - 0 runs, 2 hits, 0 errors, 2 left on base; Greensboro 2 - Kane County 10
Thursday, March 31st , 2022 - OOTP Baseball 22.12 Build 89